 Dungeon Crawl Stone Soup version 0.23.2 (webtiles) character file.

Game seed: 5653985297097443652

125 OdinFK the Gusty (level 5, 0/28 HPs)
             Began as a Tengu Air Elementalist on Apr 5, 2019.
             Slain by an orc priest
             ... wielding a +0 hand axe
              (6 damage)
             ... on level 3 of the Dungeon.
             The game lasted 00:10:09 (1571 turns).

OdinFK the Gusty (Tengu Air Elementalist)           Turns: 1571, Time: 00:10:10

Health: 0/28       AC:  3    Str:  8    XL:     5   Next: 9%
Magic:  4/10       EV: 15    Int: 16    God:
Gold:   53         SH:  0    Dex: 15    Spells: 2/10 levels left

rFire    . . .     SeeInvis .   g - +3 dagger (venom)
rCold    . . .     Gourm    .   (no shield)
rNeg     . . .     Faith    .   a - +0 robe
rPois    .         Spirit   .   (helmet restricted)
rElec    .         Reflect  .   (no cloak)
rCorr    .         Harm     .   d - +0 pair of gloves
MR       .....     Rnd*Tele +   (boots unavailable)
Stlth    ++........             (no amulet)
HPRegen  0.09/turn              r - ring of teleportation (curse)
MPRegen  0.12/turn              (no ring)

@: flying quickly and evasively, very slightly contaminated, quick
A: beak, talons 3, able to fly
a: Stop Flying


You were on level 3 of the Dungeon.
You were not hungry.

You visited 1 branch of the dungeon, and saw 3 of its levels.

You collected 53 gold pieces.

Inventory:

Hand Weapons
 g - a +3 dagger of venom (weapon)
Armour
 a - a +0 robe (worn)
 d - a +0 pair of gloves (worn)
Jewellery
 r - a cursed ring of teleportation (left hand)
Scrolls
 b - 2 scrolls of amnesia
 e - a scroll of enchant weapon {unknown}
 h - a scroll of remove curse {unknown}
 k - a scroll of fog {unknown}
 l - a scroll of identify {unknown}
 q - a scroll of magic mapping {unknown}
Potions
 i - a potion of cancellation {unknown}
 j - a potion of flight {unknown}
 m - a potion of ambrosia {unknown}
 n - a potion of curing {unknown}
 o - a potion of brilliance {unknown}
 p - a potion of heal wounds {unknown}
Comestibles
 c - 3 rations
 f - a chunk of flesh


   Skills:
 + Level 0.1 Short Blades
 + Level 2.5 Dodging
 - Level 2.0 Stealth
 + Level 3.2 Spellcasting
 + Level 3.7 Conjurations
 + Level 5.0 Air Magic


You had 2 spell levels left.
You knew the following spells:

 Your Spells              Type           Power        Failure   Level  Hunger
a - Shock                 Conj/Air       ###.         3%          1    None
b - Static Discharge      Conj/Air       ###.....     9%          3    ###....
c - Airstrike             Air            ###.......   24%         4    ####...

Your spell library contained the following spells:

 Spells                   Type           Power        Failure   Level  Hunger
 Swiftness                Chrm/Air       ##......     10%         2    ##.....
 Lightning Bolt           Conj/Air       ###.......   63%         5    ######.


Dungeon Overview and Level Annotations

Branches:
Dungeon (3/15)

Altars:
Nemelex Xobeh
Wu Jian


Innate Abilities, Weirdness & Mutations

You have a beak for a mouth.
You have claws for feet.
You can fly continuously.


Message History

Aim: an orc priest, wielding a +0 hand axe You miscast Airstrike.
You are very lightly contaminated with residual magic.
Ouch! You feel a sudden electric shock.
The orc shouts!
The orc priest looks encouraged for a moment.
The orc priest hits you with a +0 hand axe.
You hit the orc priest.
You claw the orc priest, but do no damage.
The orc priest is lightly wounded.
You hit the orc priest. Your kick misses the orc priest.
The orc priest is moderately wounded.
The orc priest mumbles some strange prayers to Beogh against you.
Beogh smites you!
* * * LOW HITPOINT WARNING * * *
You hit the orc priest.
The orc priest is poisoned.
Your kick misses the orc priest. You peck the orc priest.
The orc priest is heavily wounded.
The orc priest hits you with a +0 hand axe.
You die...

(#+#####.#.............#
)# #.#.########....# .#
#####.#....<........# .#
#....รท#####.##......#
#.#########)##......#
#...........##......#
#####........o......#
.....................#
######.......o@......#
#...............#
####.####.......#### #
#.# #........... .. #.#
#.......#### ..S #.#
#[.......... .... #o#
#.###.#.###. ..... #.#
#.. .### ...)..##o# ###
##


You could see an orc priest and an orc.

Vanquished Creatures
  4 adders (D:2)
  2 oozes
  2 worms
  A dart slug (D:1)
  2 leopard geckos (D:1)
  7 orcs (D:3)
  A ball python (D:3)
  7 bats
  6 giant cockroaches
  6 hobgoblins
  3 frilled lizards
  6 goblins
  A jackal skeleton (D:3)
  11 kobolds
  5 rats
64 creatures vanquished.

Notes
Turn   | Place    | Note
-------+----------+-------------------------------------------
     0 | D:1      | OdinFK the Tengu Air Elementalist began the quest for the
                  | Orb.
     0 | D:1      | Reached XP level 1. HP: 10/10 MP: 4/4
   132 | D:1      | Reached XP level 2. HP: 13/15 MP: 0/6
   598 | D:1      | Reached XP level 3. HP: 16/19 MP: 1/7
   603 | D:1      | Learned a level 3 spell: Static Discharge
   886 | D:2      | Found a sparkling altar of Nemelex Xobeh.
   936 | D:2      | Reached XP level 4. HP: 20/24 MP: 4/9
   942 | D:2      | Learned a level 4 spell: Airstrike
   976 | D:2      | Found an ornate altar of the Wu Jian Council.
  1460 | D:3      | Gained mutation: You can fly continuously. [Tengu growth]
  1460 | D:3      | Reached XP level 5. HP: 28/28 MP: 3/10
  1491 | D:3      | Reached skill level 5 in Air Magic
  1571 | D:3      | Slain by an orc priest

Skill      XL: |  1  2  3  4  5 |
---------------+----------------+-----
Conjurations   | 2 3 |  3.7
Spellcasting   | 3 |  3.2
Air Magic      | 5 |  5.0
Short Blades   | |  0.1
Dodging        | |  2.5
Stealth        | |  2.0

Action                   |  1- 3 |  4- 6 || total
-------------------------+-------+-------++-------
Melee: Dagger            |    16 |    18 ||    34
       Kick              |     2 |     3 ||     5
       Peck              |     1 |     2 ||     3
 Cast: Shock             |    57 |    40 ||    97
       Static Discharge  |       |     1 ||     1
 Abil: Fly               |       |     1 ||     1
  Use: Scroll            |       |     1 ||     1
 Stab: Sleeping          |     2 |     1 ||     3
  Eat: Chunk             |     1 |     2 ||     3
Armor: Robe              |     5 |     4 ||     9
Dodge: Dodged            |    15 |     7 ||    22
